 Dungeon Crawl Stone Soup version 0.16.2-12-gd0ad4c3 (webtiles) character file.

23496 rlgrobin the Severer (level 12, -1/118 HPs)
             Began as a Minotaur Fighter on Sept 1, 2016.
             Was a High Priest of Okawaru.
             Killed from afar by an orc sorcerer (27 damage)
             ... with a bolt of fire
             ... while paralysed by an orc sorcerer
             ... on level 4 of the Orcish Mines.
             The game lasted 00:39:04 (12293 turns).

rlgrobin the Severer (Minotaur Fighter)            Turns: 12293, Time: 00:39:04

Health: -1/118     AC: 11    Str: 21    XL:     12   Next: 72%
Magic:  5/5        EV:  2    Int:  5    God:    Okawaru [*****.]
Gold:   1498       SH:  0    Dex: 15    Spells: 0 memorised, 11 levels left

rFire  . . .     SeeInvis .     a - +4 war axe (freeze)
rCold  . . .     Clarity  +     j - +0 leather armour {rPois}
rNeg   . . .     SustAb   .     c - +0 shield
rPois  +         Gourm    .     (helmet restricted)
rElec  .         Spirit   .     B - +2 cloak
rCorr  .         Warding  .     b - +2 pair of gloves
rMut   .         Stasis   .     K - +1 pair of boots {run}
MR     .....                    i - amulet of clarity
Stlth  +.........               u - +4 ring of evasion
                                e - +3 ring of evasion

@: paralysed, quick, not resistant to hostile enchantments, very unstealthy
A: retaliatory headbutt, horns 2
a: Heroism, Finesse, Renounce Religion


You were on level 4 of the Orcish Mines.
You worshipped Okawaru.
Okawaru was extremely pleased with you.
You were not hungry.

You visited 4 branches of the dungeon, and saw 17 of its levels.

You collected 1641 gold pieces.
You spent 143 gold pieces at shops.

Inventory:

Hand weapons
 a - a +4 war axe of freezing (weapon)
Missiles
 g - 3 poisoned tomahawks
 k - a tomahawk of returning
 x - 41 tomahawks
 z - a throwing net
 C - 6 javelins
 O - 6 poisoned javelins (quivered)
Armour
 b - a +2 pair of gloves (worn)
 c - a +0 shield (worn)
 j - a +0 leather armour of poison resistance (worn)
 B - a +2 cloak (worn)
 G - a troll hide
 K - a +1 pair of boots of running (worn)
Jewellery
 e - a +3 ring of evasion (left hand)
 i - an amulet of clarity (around neck)
 u - a +4 ring of evasion (right hand)
 D - an uncursed ring of fire
 J - an uncursed ring of ice
 N - a cursed ring of teleportation {unknown}
Scrolls
 f - 2 scrolls of brand weapon
 p - 3 scrolls of teleportation
 w - 5 scrolls of remove curse
 A - 2 scrolls of fog
 P - a scroll of magic mapping
 R - a scroll of recharging
Potions
 l - a potion of resistance
 m - 5 potions of magic
 s - 2 potions of flight
 t - 4 potions of curing
 v - a potion of agility
 E - a potion of heal wounds {unknown}
Books
 y - a book of Burglary

   Spells                             Type                      Level
   a - Swiftness                      Charms/Air                   2
   b - Passwall                       Transmutation/Earth          3
   c - Passage of Golubria            Translocation                4
   d - Lee's Rapid Deconstruction     Earth                        5
   e - Invisibility                   Hexes                        6
   f - Darkness                       Hexes                        7
 F - a book of Transfigurations

   Spells                             Type                      Level
   a - Stoneskin                      Transmutation/Earth          2
   b - Irradiate                      Conjuration/Transmutation    5
   c - Statue Form                    Transmutation/Earth          6
   d - Hydra Form                     Transmutation                6
   e - Dragon Form                    Transmutation                7
Comestibles
 d - 8 bread rations
 h - 4 meat rations
 n - 2 chunks of flesh
 o - 3 slices of pizza
 q - 12 fruits
 r - a beef jerky


   Skills:
 - Level 14.8 Fighting
 + Level 16.4 Axes
 - Level 3.6 Armour
 - Level 7.0 Dodging
 - Level 9.7 Shields


You had 11 spell levels left.
You didn't know any spells.

Dungeon Overview and Level Annotations

Branches:
Dungeon (11/15)            Temple (1/1) D:7            Lair (1/8) D:10
    Orc (4/4) D:11            Elf (0/3) Orc:4

Altars:
Ashenzari
Cheibriados
Dithmenos
Elyvilon
Fedhas
Gozag
Kikubaaqudgha
Makhleb
Nemelex Xobeh
Okawaru
Qazlal
Ru
Sif Muna
Trog
Vehumet
Xom
Yredelemnul
Zin
The Shining One
Beogh

Shops:
D:10 ?   Orc:3 *   Orc:4 :*(

Portals:
Trove: D:11 (give 2 scrolls of acquirement)


Innate Abilities, Weirdness & Mutations

You reflexively headbutt those who attack you in melee.
You have a pair of horns on your head.


Message History

An orc knight comes into view. It is wielding a war axe of flaming.
The orc knight shouts!
The orc sorcerer howls an incantation.
You feel disoriented.
The orc sorcerer casts a spell.
The orc sorcerer casts a spell.
The blue devil hits you. The blue devil hits you.
The orc knight hits you with a war axe of flaming!!
The orc knight burns you! The blue devil hits you!
The orange demon barely misses you.
The orc high priest mumbles some strange prayers to Beogh against you.
You resist with significant effort.
The orc knight hits you with a war axe of flaming!
* * * LOW HITPOINT WARNING * * *
The orc knight burns you.
* * * LOW HITPOINT WARNING * * *
The orc sorcerer gestures at you while chanting.
Helpless, you fail to dodge the bolt of fire.
You die...

∩................<)....
.........#......)[).... .P.
.........#.............
....................P...........
...........................P.....
.......................8..P......
...$................P.P..........
.......$..........4P.............
..o....$.......o@.P....∩.........
.....o...........4..........P.#..
....o))......##..o.[o)...........
....))<.)....##..).4.............
....))##......##....)P...........
.....#.###...$.##.##.............
........# .... ####.4...........
..(....## ... .#.##........
...(...# . .o.## #....


You could see an orc knight, an orc high priest, an orange demon, 2 hellwings, a
blue devil and an orc sorcerer.

Vanquished Creatures
  An orc warlord (Orc:4)
  2 orc high priests
  Urug (D:11)
  An unseen horror (D:11)
  2 hill giants (D:10)
  An orc sorcerer (Orc:4)
  3 orc knights
  An ugly thing (D:11)
  An elephant (D:10)
  3 trolls
  A two-headed ogre (Orc:2)
  5 blink frogs (Lair:1)
  13 yaks
  A wyvern (D:9)
  A deep elf mage (D:11)
  A hungry ghost (D:11)
  3 hippogriffs
  5 wargs
  Edmund (D:4)
  4 water moccasins
  A sky beast (D:11)
  An eye of draining (D:11)
  35 orc warriors
  2 black bears
  15 ice beasts
  4 crocodiles
  10 ogres
  A centaur (D:7)
  A necrophage (D:5)
  A gnoll sergeant (D:10)
  6 giant frogs
  3 scorpions
  12 killer bees
  5 crimson imps
  6 goliath beetles
  2 centaur zombies
  A giant frog skeleton (D:7)
  5 jellies
  Crazy Yiuf (D:7)
  18 orc priests
  A giant frog zombie (D:5)
  An elf zombie (D:11)
  6 hounds
  4 iguanas
  27 orc wizards
  4 sheep (Lair:1)
  7 worker ants
  4 killer bee zombies (D:10)
  Ijyb (D:2)
  3 hound zombies
  Robin (D:4)
  16 gnolls
  10 river rats (Lair:1)
  15 adders
  5 shadow imps
  2 worms
  2 adder skeletons
  161 orcs
  A ball python (D:6)
  2 bat skeletons
  A bat zombie (D:7)
  4 giant cockroaches
  30 goblins
  23 hobgoblins
  14 kobolds
  7 quokkas
  8 bats
  2 giant geckos
  3 giant newts
  15 jackals
  2 orc zombies (D:10)
  6 rats
  A spectral orc (D:7)
  A fungus (Orc:4)
  A plant (D:6)
572 creatures vanquished.

Vanquished Creatures (others)
  A giant spore (D:8)
  A butterfly (D:4)
  2 fungi (Orc:4)
  A plant (D:6)
5 creatures vanquished.

Grand Total: 577 creatures vanquished

Notes
Turn   | Place    | Note
--------------------------------------------------------------
     0 | D:1      | rlgrobin, the Minotaur Fighter, began the quest for the Orb.
     0 | D:1      | Reached XP level 1. HP: 19/19 MP: 1/1
   165 | D:1      | Reached XP level 2. HP: 24/26 MP: 1/1
   792 | D:2      | Reached skill level 4 in Axes
   796 | D:2      | Noticed Ijyb
   810 | D:2      | Killed Ijyb
   810 | D:2      | Reached XP level 3. HP: 25/31 MP: 2/2
  1132 | D:2      | Reached skill level 5 in Axes
  1311 | D:2      | Reached XP level 4. HP: 39/39 MP: 2/2
  1554 | D:3      | Reached skill level 6 in Axes
  1776 | D:3      | Found a glowing golden altar of the Shining One.
  1919 | D:4      | Noticed Robin
  1928 | D:4      | Killed Robin
  1928 | D:4      | Reached XP level 5. HP: 43/45 MP: 2/2
  2102 | D:4      | Noticed Edmund
  2112 | D:4      | Killed Edmund
  2112 | D:4      | Reached skill level 7 in Axes
  2112 | D:4      | Reached XP level 6. HP: 41/51 MP: 3/3
  2171 | D:4      | Reached skill level 8 in Axes
  2656 | D:5      | Entered Level 5 of the Dungeon
  2725 | D:5      | Reached skill level 9 in Axes
  2750 | D:5      | Reached XP level 7. HP: 15/57 MP: 3/3
  3233 | D:5      | Reached skill level 10 in Axes
  3480 | D:5      | Found a stormy altar of Qazlal.
  3752 | D:6      | Reached skill level 11 in Axes
  3752 | D:6      | Reached XP level 8. HP: 64/64 MP: 3/3
  3911 | D:6      | Reached skill level 12 in Axes
  4043 | D:6      | Reached skill level 5 in Fighting
  4588 | D:7      | Reached XP level 9. HP: 59/81 MP: 4/4
  4595 | D:7      | Found a staircase to the Ecumenical Temple.
  4624 | Temple   | Entered the Ecumenical Temple
  4674 | Temple   | Became a worshipper of Warmaster Okawaru
  4941 | D:7      | Found a basalt altar of Yredelemnul.
  5258 | D:7      | Noticed Crazy Yiuf
  5266 | D:7      | Killed Crazy Yiuf
  5404 | D:8      | Reached skill level 5 in Shields
  5456 | D:8      | Found a glowing silver altar of Zin.
  5457 | D:8      | Found an opulent altar of Gozag.
  5559 | D:8      | Acquired Okawaru's first power
  5721 | D:8      | Found a shattered altar of Ashenzari.
  6116 | D:9      | Reached XP level 10. HP: 39/91 MP: 4/4
  6222 | D:9      | Found a shadowy altar of Dithmenos.
  6376 | D:9      | Reached skill level 10 in Fighting
  6502 | D:9      | Reached skill level 13 in Axes
  6659 | D:10     | Entered Level 10 of the Dungeon
  6693 | D:10     | Found a staircase to the Lair.
  6693 | D:10     | Noticed an elephant
  6709 | D:10     | Killed an elephant
  6912 | D:10     | Reached skill level 14 in Axes
  6913 | D:10     | Received a gift from Okawaru
  6986 | D:10     | Noticed a hill giant
  6996 | D:10     | Killed a hill giant
  7008 | D:10     | Reached XP level 11. HP: 90/99 MP: 4/4
  7019 | D:10     | Reached skill level 15 in Axes
  7021 | D:10     | Found Stinaic's Magic Scroll Boutique.
  7041 | D:10     | Bought a scroll of fog for 20 gold pieces
  7041 | D:10     | Bought a scroll of teleportation for 30 gold pieces
  7041 | D:10     | Bought a scroll of identify for 20 gold pieces
  7041 | D:10     | Bought a scroll of identify for 20 gold pieces
  7041 | D:10     | Bought a scroll of fog for 20 gold pieces
  7051 | D:10     | Noticed a hill giant
  7061 | D:10     | Killed a hill giant
  7450 | D:10     | Identified a +0 pair of boots of running (You found it on level 10 of the Dungeon)
  7595 | Lair:1   | Entered Level 1 of the Lair of Beasts
  7728 | Lair:1   | Acquired Okawaru's second power
  7728 | Lair:1   | Reached skill level 16 in Axes
  7758 | Lair:1   | Noticed an eight-headed hydra
  8077 | D:11     | Found a staircase to the Orcish Mines.
  8085 | D:11     | Noticed Urug
  8109 | D:11     | Killed Urug
  8321 | D:11     | Received a gift from Okawaru
  8336 | D:11     | Got an ichor-stained hat {god gift}
  8342 | D:11     | Identified the -3 hat of the Imp {-Cast rElec rN+ rCorr Int+3} (Okawaru gifted it to you on level 11 of the Dungeon)
  8400 | D:11     | Found a portal to a secret trove of treasure.
  8462 | D:11     | Killed an unseen horror
  8537 | D:11     | Noticed an eight-headed hydra
  8803 | Orc:1    | Entered Level 1 of the Orcish Mines
  8981 | Orc:2    | Reached skill level 1 in Dodging
  9183 | Orc:2    | Found a roughly hewn altar of Beogh.
  9722 | Orc:3    | Found Shreass' Assorted Antiques.
  9766 | Orc:3    | Bought a white potion for 33 gold pieces
  9916 | Orc:3    | Reached XP level 12. HP: 100/113 MP: 5/5
  9968 | Orc:3    | Found a radiant altar of Vehumet.
  9981 | Orc:3    | Reached skill level 5 in Dodging
 10959 | Orc:4    | Entered Level 4 of the Orcish Mines
 10984 | Orc:4    | Noticed an orc warlord
 11479 | Orc:4    | Found Bolaug's Antique Weapon Emporium.
 11528 | Orc:4    | Paralysed by an orc sorcerer for 4 turns
 11932 | Orc:4    | Killed an orc warlord
 11951 | Orc:4    | Found a staircase to the Elven Halls.
 12027 | Orc:4    | Found Nureegua's Book Shop.
 12258 | Orc:4    | Found Daceumn's General Store.
 12287 | Orc:4    | Paralysed by an orc sorcerer for 6 turns
 12293 | Orc:4    | Killed from afar by an orc sorcerer

Action                   |  1- 3 |  4- 6 |  7- 9 | 10-12 || total
-------------------------+-------+-------+-------+-------++-------
Melee: War axe           |    96 |   115 |   339 |   719 ||  1269
Throw: Tomahawk          |       |       |       |    11 ||    11
       Javelin           |       |       |       |    11 ||    11
Invok: Heroism           |       |       |       |     1 ||     1
  Use: Potion            |       |     1 |     1 |     3 ||     5
       Scroll            |       |    11 |    10 |     8 ||    29
 Stab: Sleeping          |       |       |     1 |       ||     1
  Eat: Chunk             |     1 |     5 |    11 |    14 ||    31
       Royal jelly       |       |       |       |     2 ||     2
       Beef jerky        |       |       |       |     1 ||     1
